 Dungeon Crawl Stone Soup version 0.31-a0-672-g7da72447bb (webtiles) character file.

Game seed: 15984160510052383927

112 bjtr the Digger (level 4, -8/24 HPs)
             Began as a Gargoyle Earth Elementalist on Sept 4, 2023.
             Killed by divine providence
             ... invoked by an orc priest
              (13 damage)
             ... on level 3 of the Dungeon.
             The game lasted 00:06:40 (2043 turns).

bjtr the Digger (Gargoyle Earth Elementalist)       Turns: 2043, Time: 00:06:40

Health: -8/24      AC:  8    Str: 11    XL:     4   Next: 95%
Magic:  8/8        EV: 11    Int: 18    God:
Gold:   113        SH:  0    Dex: 10    Spells: 3/9 levels left

rFire   . . .        e - +1 flail (venom)
rCold   . . .        (no shield)
rNeg    + . .        l - +0 leather armour
rPois   ∞            f - +1 helmet
rElec   +            (no cloak)
rCorr   .            (no gloves)
SInv    .            (no boots)
Will    .....        m - amulet of magic regeneration
Stlth   ++           g - ring of wizardry
HPRegen 0.24/turn    (no ring)
MPRegen 0.51/turn

%: wizardry (x1)
@: no status effects
A: sickness immunity, AC +3, negative energy resistance 1, electricity
resistance, torment resistance 1, petrification resistance
a: no special abilities


You were on level 3 of the Dungeon.
You visited 1 branch of the dungeon, and saw 3 of its levels.

You collected 113 gold pieces.

Inventory:

Hand Weapons
 e - a +1 flail of venom (weapon)
 h - a +0 short sword
Missiles
 k - 5 poisoned darts
Armour
 a - a +0 robe
 f - a +1 helmet (worn)
 l - a +0 leather armour (worn)
Jewellery
 g - a ring of wizardry (left hand)
 m - an amulet of magic regeneration (around neck)
Wands
 c - a wand of iceblast (7)
Scrolls
 n - a scroll of vulnerability {unknown}
 o - a scroll of teleportation
Potions
 b - a potion of magic
 d - a potion of attraction
 i - a potion of heal wounds {unknown}
 j - a potion of ambrosia {unknown}


   Skills:
 - Level 1.5 Dodging
 - Level 2.1 Stealth
 + Level 3.1 Spellcasting
 - Level 0.7 Transmutations
 + Level 5.7 Earth Magic


You had 3 spell levels left.
You knew the following spells:

 Your Spells              Type           Power      Damage    Failure   Level
a - Sandblast             Erth           46%        2d11      1%          1
b - Passwall              Tmut/Erth      11%        N/A       3%          2
c - Stone Arrow           Conj/Erth      26%        3d8       9%          3

Your spell library contained the following spells:

 Spells                   Type           Power      Damage    Failure   Level
 Ensorcelled Hibernation  Hex/Ice        4%         N/A       13%         2
 Call Canine Familiar     Summ           2%         N/A       26%         3
 Portal Projectile        Hex/Tloc       4%         N/A       26%         3
 Swiftness                Air            2%         N/A       26%         3
 Petrify                  Tmut/Erth      14%        N/A       22%         4
 Leda's Liquefaction      Hex/Erth       6%         N/A       26%         4


Dungeon Overview and Level Annotations

Branches:
Dungeon (3/15)

Altars:
Qazlal


Innate Abilities, Weirdness & Mutations

You are immune to sickness and miasma.
Your stone body is resilient. (AC +3)
You are immune to poison.
You resist negative energy. (rN+)
You are resistant to electric shocks. (rElec)
You are resistant to unholy torment.
You are immune to petrification.


Message History

Casting: Sandblast (safe; 1% risk of failure)
Confirm with . or Enter, or press ? or * to list all spells.
Aiming: Sandblast (safe; 1% risk of failure)
Press: ? - help, Shift-Dir - straight line, f/p - adder
Aim: an adder (72% to hit)
The blast of sand hits the adder!
You kill the adder!
Your Spellcasting skill increases to level 3!
Unknown command.
An orc comes into view. It is wielding a +0 flail.
The orc shouts!
You hear a shout!
An adder and an orc come into view.
The adder moves out of view.
The orc moves out of view.
The adder hisses angrily.
An orc wizard comes into view. It is wielding a +0 dagger of speed.
The orc wizard shouts!
An orc priest comes into view. It is wielding a +0 trident.
The orc barely misses you. The adder bites you but does no damage.
Casting: Sandblast (safe; 1% risk of failure)
Confirm with . or Enter, or press ? or * to list all spells.
Aiming: Sandblast (safe; 1% risk of failure)
Press: ? - help, Shift-Dir - straight line, f - adder
Aim: an adder (72% to hit)
The blast of sand misses the adder.
The adder closely misses you. The orc closely misses you.
The adder bites you but does no damage.
Unknown command.
The orc attacks as it pursues you! The orc misses you.
The orc priest invokes the aid of Beogh against you.
Beogh smites you!
Ouch! That really hurt!
The orc attacks as it pursues you! The orc hits you with a +0 flail!
* * * LOW HITPOINT WARNING * * *
The orc wizard mumbles some strange words.
The orc wizard flickers and vanishes!
Deactivating autopickup; reactivate with Ctrl-A.
You hear an angry hiss.
You hear a shout!
The orc priest invokes the aid of Beogh against you.
Beogh smites you!
Ouch! That really hurt!
You die...

.#................##.#.#
#
.....................#.#
#.....o{..#.####.####.#
#....#.####.####.#
#......##........#
#.####...#####.########
#......oS#####.#
######.........#
###.#@#####.# #.....#
#.# ####### #.# #.# ###


You could see an orc priest, an adder and an orc.

Vanquished Creatures
  A gnoll (D:1)
  5 adders
  2 worms (D:2)
  4 dart slugs
  5 endoplasms
  2 giant cockroaches (D:3)
  3 hobgoblins
  5 jackals
  A kobold (D:1)
  3 ball pythons
  3 bats
  4 frilled lizards
  3 goblins
  5 rats
46 creatures vanquished.

Notes
Turn   | Place    | Note
-------+----------+-------------------------------------------
     0 | D:1      | bjtr the Gargoyle Earth Elementalist began the quest for
                  | the Orb.
     0 | D:1      | Reached XP level 1. HP: 10/10 MP: 3/3
   124 | D:1      | Reached skill level 4 in Earth Magic
   165 | D:1      | Reached XP level 2. HP: 15/15 MP: 1/5
   492 | D:1      | Reached XP level 3. HP: 19/19 MP: 2/6
   495 | D:1      | Learned a level 2 spell: Passwall
   499 | D:1      | Learned a level 3 spell: Stone Arrow
   970 | D:2      | Reached skill level 5 in Earth Magic
  1107 | D:2      | Reached XP level 4. HP: 24/24 MP: 4/7
  1188 | D:2      | Found a stormy altar of Qazlal.
  2043 | D:3      | Killed from afar by an orc priest

Illustrated notes

Levels and vault maps discovered:
D:1:      zaba_arrival_water, layout_loops_cross, st_stairs_5,
          nrook_loot_triangle, nicolae_figureground_pulse
D:2:      layout_basic, basic_altar
D:3:      layout_basic

Skill      XL: |  1  2  3  4 |
---------------+-------------+-----
Earth Magic    | 4 5 |  5.7
Spellcasting   | 3 |  3.1
Dodging        | |  1.5
Stealth        | |  2.1
Transmutations | |  0.7

Action                     |  1- 3 |  4- 6 || total
---------------------------+-------+-------++-------
  Melee: Flail             |     4 |    14 ||    18
         Punch             |       |     1 ||     1
   Cast: Sandblast         |    33 |    22 ||    55
    Use: Scroll            |     3 |     2 ||     5
   Stab: Sleeping          |       |     1 ||     1
 Armour: Robe              |     5 |       ||     5
         Leather armour    |       |    20 ||    20
  Dodge: Dodged            |     8 |    22 ||    30

Table legend: (Time is in decaauts)
 A = Elapsed time spent in this place.
 B = Non-inter-level travel time spent in this place.
 C = Inter-level travel time spent in this place.
 D = Time resting spent in this place.
 E = Time spent auto-exploring this place.
 F = Levels seen in this place.
 G = Mean time per level.
                   A        B        C        D        E       F      G
               +--------+--------+--------+--------+--------+-----+--------+
         Total |   2085 |   2018 |     67 |     61 |   1575 |   3 |  695.0 |
       Dungeon |   2085 |   2018 |     67 |     61 |   1575 |   3 |  695.0 |
               +--------+--------+--------+--------+--------+-----+--------+

Top non-repeatable levels by time:
     D:1: 965 daAuts
     D:2: 786 daAuts
     D:3: 334 daAuts
